 Dungeon Crawl Stone Soup version 0.17-a0-483-g810ce3f (webtiles) character file.

181 Kisielow the Changer (level 5, -1/37 HPs)
             Began as a Merfolk Transmuter on Apr 8, 2015.
             Slain by an orc wizard
             ... wielding a +2 dagger of venom
              (4 damage)
             ... on level 4 of the Dungeon.
             The game lasted 00:10:19 (3388 turns).

Kisielow the Changer (Merfolk Transmuter)           Turns: 3388, Time: 00:10:19

Health: -1/37      AC:  7    Str: 10    XL:     5   Next: 61%
Magic:  6/8        EV: 15    Int: 13    God:
Gold:   113        SH:  0    Dex: 15    Spells: 2 memorised, 4 levels left

rFire  . . .     SeeInvis .       - Unarmed
rCold  . . .     Clarity  .     c - +0 robe
rNeg   . . .     SustAb   .     (no shield)
rPois  .         Gourm    .     f - +2 hat
rElec  .         Spirit   .     (no cloak)
rCorr  .         Warding  .     n - +0 pair of gloves
rMut   .         Stasis   .     o - +1 pair of boots {Fly}
MR     .....                    (no amulet)
Stlth  +.........               (no ring)
                                h - +2 ring of evasion

@: lethally poisoned (-1 -> -67), flying, not resistant to hostile enchantments,
very unstealthy
A: change form in water, swift swim
a: Stop Flying


You were on level 4 of the Dungeon.
You were not hungry.

You visited 1 branch of the dungeon, and saw 4 of its levels.

You collected 113 gold pieces.

Inventory:

Missiles
 b - 12 arrows
Armour
 c - a +0 robe (worn)
 f - a +2 hat (worn)
 n - a +0 pair of gloves (worn)
 o - a +1 pair of boots of flying (worn)
Jewellery
 h - a +2 ring of evasion (left hand)
Scrolls
 e - 2 scrolls of teleportation
 g - a scroll of enchant weapon
 m - 2 scrolls of enchant armour {unknown}
 p - a scroll of fog {unknown}
 q - a scroll of remove curse {unknown}
 s - a scroll of fear {unknown}
 t - a scroll of magic mapping {unknown}
 v - a scroll of identify {unknown}
Potions
 i - 3 potions of curing {unknown}
 u - 2 potions of heal wounds {unknown}
Books
 d - a book of Changes

   Spells                             Type                      Level
   a - Beastly Appendage              Transmutation                1
   b - Sticks to Snakes               Transmutation                2
   c - Spider Form                    Transmutation/Poison         3
   d - Ice Form                       Ice/Transmutation            4
   e - Blade Hands                    Transmutation                5
Comestibles
 a - 2 bread rations
 k - 2 meat rations
 l - a slice of pizza
 r - 2 fruits


   Skills:
 - Level 1.3 Fighting
 - Level 2.6 Dodging
 - Level 4.6 Unarmed Combat
 - Level 2.0 Spellcasting
 * Level 5.5 Transmutations
 - Level 2.0 Poison Magic


You had 4 spell levels left.
You knew the following spells:

 Your Spells              Type           Power        Failure   Level  Hunger
a - Beastly Appendage     Trmt           ###...       2%          1    ##.....
s - Spider Form           Trmt/Pois      ##........   17%         3    ####...


Dungeon Overview and Level Annotations

Branches:
Dungeon (4/15)
 Temple: D:4-7

Altars:


Message History

You closely miss something.
You feel very sick. Something closely misses you.
You hit something.
You feel sick. Something hits you.
You are more poisoned.
You hit something.
Your transformation has ended.
Your +2 hat unmelds from your body.
Your +0 pair of gloves unmelds from your body.
Your +1 pair of boots of flying unmelds from your body.
Your +0 robe unmelds from your body.
You fly up into the air.
* * * LOW HITPOINT WARNING * * *
You feel very sick. Something hits you but does no damage.
You are more poisoned.
You hit something but do no damage.
* * * LOW HITPOINT WARNING * * *
You feel very sick. Something hits you.
You die...

###+###.. #......#
#......# #.....(#
##############@.....#
#............){#+####
#.############)# #.#
#......#.# #.#
#.####.#.# #.#
#.####.#.# #.#
#....#.#.#
#.########.#.#.#
#........#.#.#.#


There were no monsters in sight!

Vanquished Creatures
  An orc wizard (D:4)
  4 adders (D:3)
  5 worms
  2 oozes (D:2)
  10 orcs
  12 goblins
  12 hobgoblins
  3 kobolds
  A quokka (D:3)
  3 ball pythons (D:2)
  6 bats
  5 giant cockroaches
  A giant gecko (D:3)
  4 giant newts
  3 jackals (D:3)
  3 rats
75 creatures vanquished.

Notes
Turn   | Place    | Note
--------------------------------------------------------------
     0 | D:1      | Kisielow, the Merfolk Transmuter, began the quest for the Orb.
     0 | D:1      | Reached XP level 1. HP: 15/15 MP: 3/3
   440 | D:1      | Reached XP level 2. HP: 16/21 MP: 3/5
   451 | D:1      | Reached skill level 4 in Unarmed Combat
  1321 | D:2      | Reached XP level 3. HP: 23/26 MP: 4/6
  1326 | D:2      | Learned a level 3 spell: Spider Form
  1760 | D:2      | Reached skill level 1 in Poison Magic
  2123 | D:2      | Reached XP level 4. HP: 32/32 MP: 3/7
  2757 | D:3      | Reached XP level 5. HP: 27/37 MP: 4/8
  3380 | D:4      | Reached skill level 5 in Transmutations
  3388 | D:4      | Slain by an orc wizard

Action                   |  1- 3 |  4- 6 || total
-------------------------+-------+-------++-------
Melee: Unarmed           |   113 |   113 ||   226
 Cast: Beastly Appendage |    18 |     5 ||    23
       Spider Form       |     4 |    12 ||    16
 Abil: End Transformatio |       |     1 ||     1
  Use: Scroll            |     2 |       ||     2
  Eat: Chunk             |     5 |     6 ||    11
